 Dungeon Sprint DCSS version 0.27-a0-1513-g2aaa0cc67b (webtiles) character file.

Game seed: 3645955350971808617

30209 mhtbhm the Severer (level 13, -3/134 HPs)
             Began as a Minotaur Monk on July 9, 2021.
             Was a High Priest of Qazlal.
             Slain by Laxyowos the pandemonium lord (4 damage)
             ... in the Dungeon (Sprint VII: "The Pits").
             The game lasted 00:07:58 (4162 turns).

mhtbhm the Severer (Minotaur Monk)                  Turns: 4162, Time: 00:07:58

Health: -3/134     AC: 24    Str: 22    XL:     13   Next: 19%
Magic:  0/23       EV: 13    Int:  7    God:    Qazlal [*****.]
Gold:   43         SH: 15    Dex: 15    Spells: 12/12 levels left

rFire    . . .     SeeInvis +   a - +1 broad axe (vorpal)
rCold    + . .     Faith    .   (no shield)
rNeg     . . .     Spirit   +   b - +2 plate armour {rC+}
rPois    +         Reflect  .   (helmet restricted)
rElec    .         Harm     .   n - +0 cloak
rCorr    .         Rampage  .   (no gloves)
Will     .....     NoTele   +   A - +0 pair of boots of Cocytus {rPois}
Stlth    ..........             x - brooch of Shielding {Spirit SH+8}
HPRegen  0.32/turn              l - +3 ring of strength
MPRegen  0.18/turn              w - ring of see invisible

@: protected from physical damage, on berserk cooldown, slowed, repel missiles,
very slow
A: horns 2, retaliatory headbutt
a: Renounce Religion, Upheaval, Elemental Force, Disaster Area


You were in the Dungeon.
You worshipped Qazlal.
Qazlal was extremely pleased with you.
You visited 1 branch You collected 43 gold pieces.

Inventory:

Hand Weapons
 a - a +1 vorpal broad axe (weapon)
 y - a +0 triple sword of holy wrath
Missiles
 z - 7 silver javelins (quivered)
Armour
 b - a +2 plate armour of cold resistance (worn)
 n - a +0 cloak (worn)
 A - the +0 pair of boots of Cocytus (worn) {rPois}
   (You found it in the Dungeon)

   rPois:     It protects you from poison.
Jewellery
 l - a +3 ring of strength (left hand)
 m - the amulet of Kouz {RegenMP rElec}
   (You found it in the Dungeon)

   [amulet of magic regeneration]

   It increases your rate of magic regeneration.
   rElec:     It insulates you from electricity.
 v - a ring of protection from cold
 w - a ring of see invisible (right hand)
 x - the brooch of Shielding (around neck) {Spirit SH+8}
   (You found it in the Dungeon)

   [amulet of guardian spirit]

   It causes incoming damage to be divided between your reserves of health and
   magic.
   SH:        It affects your SH (+8).
Wands
 u - a wand of paralysis (9)
Scrolls
 h - 2 scrolls of blinking
 j - 5 scrolls of amnesia
 k - a scroll of summoning
 o - 3 scrolls of identify
 p - 4 scrolls of enchant armour
 r - a scroll of fear
 s - a scroll of fog
Potions
 c - 10 potions of curing
 d - a potion of heal wounds
 e - 2 potions of haste
 f - a potion of magic
 g - 3 potions of berserk rage
 i - 2 potions of invisibility
 q - a potion of might
 t - a potion of mutation
Miscellaneous
 B - a condenser vane (inert)


   Skills:
 + Level 18.2 Fighting
 + Level 19.9 Axes
 + Level 14.1 Armour
 + Level 14.5 Dodging
 - Level 3.5 Stealth
 + Level 12.8 Shields
 * Level 15.8 Invocations


You had 12 spell levels left.
You didn't know any spells.
Your spell library contained the following spells:

 Spells                   Type           Power      Damage    Failure   Level
 Summon Small Mammal      Summ           0%         N/A       99%         1
 Hailstorm                Conj/Ice       0%         3d3       100%        4
 Summon Forest            Summ/Tloc      0%         N/A       100%        5


Dungeon Overview and Level Annotations

Branches:
Dungeon (1/1)

Altars:
Ashenzari
Cheibriados
Dithmenos
Elyvilon
Fedhas
Gozag
Hepliaklqana
Kikubaaqudgha
Makhleb
Nemelex Xobeh
Okawaru
Qazlal
Ru
Sif Muna
Trog
Uskayaw
Vehumet
Wu Jian
Xom
Yredelemnul
Zin
The Shining One
Beogh
Jiyva
Lugonu


Innate Abilities, Weirdness & Mutations

You have a pair of horns on your head.
You reflexively headbutt those who attack you in melee.


Message History

Your air elemental misses Laxyowos.
Laxyowos hits you!! Laxyowos freezes you.
Your air elemental completely misses Laxyowos. x2
Your earth elemental completely misses Laxyowos.
Your air elemental misses Laxyowos.
Laxyowos sneers, "Bolt whilst thou are able!"
Laxyowos hits you.
Your resistance to physical damage fades away.
You feel protected from cold.
Unknown command.
Unknown command.
Press: ? - help, v - describe, . - travel
Here: Laxyowos, armed with a freezing touch (heavily wounded, ally target)
The floor.
Unknown command.
You slash Laxyowos!
Laxyowos is heavily wounded.
Your air elemental disappears in a puff of smoke! x2
Your air elemental closely misses Laxyowos.
Laxyowos hits you!
* * * LOW HITPOINT WARNING * * *
Your resistance to cold fades away.
You feel protected from physical attacks.
Laxyowos freezes you.
* * * LOW HITPOINT WARNING * * *
Your air elemental completely misses Laxyowos.
Laxyowos is struck by lightning.
Laxyowos hits you.
* * * LOW HITPOINT WARNING * * *
You feel more protected from physical attacks.
Your earth elemental closely misses Laxyowos.
Unknown command.
You completely miss Laxyowos.
Laxyowos is heavily wounded.
Your earth elemental disappears in a puff of smoke!
Your air elemental completely misses Laxyowos. x2
You block Laxyowos's attack.
Your air elemental closely misses Laxyowos.
Laxyowos hits you!!
* * * LOW HITPOINT WARNING * * *
Laxyowos freezes you.
You die...

#+# #.# #'#
############################'#
.........≈..≈..§@&E§..≈......#
..........≈......§°..........#
###########++##############..#
#..# #..# #..# #..# #..# #..#


You could see Laxyowos (ally target) and a friendly air elemental (summoned).

Vanquished Creatures
  A death cob (D)
  2 orc warlords (D)
  An angel (D)
  A minotaur (D)
  An eidolon (D)
  A great orb of eyes (D)
  2 rakshasas (D)
  Erica (D)
  A merfolk avatar (D)
  An alligator snapping turtle (D)
  A two-headed ogre (D)
  A catoblepas (D)
  A sun demon (D)
  An iron troll (D)
  A shadow wraith (D)
  A fire crab (D)
  A swamp dragon (D)
  5 harpies (D)
  A deep elf zephyrmancer (D)
  A lindwurm (D)
  An orc knight (D)
  4 deep elf pyromancers (D)
  A rust devil (D)
  A smoke demon (D)
  A gargoyle (D)
  Psyche (D)
  A komodo dragon (D)
  A kobold demonologist (D)
  A hellwing (D)
  2 demonic crawlers (D)
  A guardian mummy (D)
  4 polar bears (D)
  A red devil (D)
  A wind drake (D)
  2 trolls (D)
  A hornet (D)
  4 blink frogs (D)
  4 dream sheep (D)
  A water elemental (D)
  A flying skull (D)
  6 redbacks (D)
  A shadow (D)
  A wraith (D)
  A vampire (D)
  A tarantella (D)
  3 fire bats (D)
  A neqoxec (D)
  A fire elemental (D)
  A basilisk (D)
  A steam dragon (D)
  2 wargs (D)
  A floating eye (D)
  A sky beast (D)
  4 orc warriors (D)
  A swamp drake (D)
  2 ogres (D)
  3 wolves (D)
  2 scorpions (D)
  A wight (D)
  A small abomination (D)
  A crimson imp (D)
  A hound (D)
  A jelly (D)
  An orc priest (D)
  An iron imp (D)
  A hell rat (D)
  An iguana (D)
  A mummy (D)
  An adder (D)
  A river rat (D)
  2 white imps (D)
  10 orcs (D)
  A bat skeleton (D)
  3 endoplasms (D)
  2 giant cockroaches (D)
  A quokka (D)
  A bat (D)
  2 frilled lizards (D)
  A jackal zombie (D)
  2 rats (D)
130 creatures vanquished.

Vanquished Creatures (others)
  A shadow (D)
1 creature vanquished.

Grand Total: 131 creatures vanquished

Notes
Turn   | Place    | Note
-------+----------+-------------------------------------------
     0 | D        | mhtbhm the Minotaur Monk began the quest for the Orb.
     0 | D        | Reached XP level 1. HP: 19/19 MP: 0/0
    18 | D        | Found a bloodstained altar of Trog.
    18 | D        | Found a shimmering blue altar of Sif Muna.
    18 | D        | Found a viscous altar of Jiyva.
    18 | D        | Found a hazy altar of Hepliaklqana.
    18 | D        | Found an opulent altar of Gozag.
    19 | D        | Found a glowing golden altar of the Shining One.
    19 | D        | Found a glowing silver altar of Zin.
    19 | D        | Found a basalt altar of Yredelemnul.
    19 | D        | Found a shimmering altar of Xom.
    19 | D        | Found an ornate altar of the Wu Jian Council.
    19 | D        | Found a sacrificial altar of Ru.
    19 | D        | Found a stormy altar of Qazlal.
    19 | D        | Found an iron altar of Okawaru.
    19 | D        | Found a sparkling altar of Nemelex Xobeh.
    19 | D        | Found a burning altar of Makhleb.
    19 | D        | Found a blossoming altar of Fedhas.
    19 | D        | Found a white marble altar of Elyvilon.
    19 | D        | Found a shadowy altar of Dithmenos.
    19 | D        | Found a snail-covered altar of Cheibriados.
    21 | D        | Found a radiant altar of Vehumet.
    21 | D        | Found a corrupted altar of Lugonu.
    23 | D        | Found an ancient bone altar of Kikubaaqudgha.
    23 | D        | Found a hide-covered altar of Uskayaw.
    23 | D        | Found a broken altar of Ashenzari.
    26 | D        | Became a worshipper of Qazlal Stormbringer
    26 | D        | Reached * piety under Qazlal
    26 | D        | Reached ** piety under Qazlal
    66 | D        | Reached skill level 4 in Axes
    73 | D        | Reached *** piety under Qazlal
    75 | D        | Noticed a scorpion
    79 | D        | Reached XP level 2. HP: 26/28 MP: 1/1
    80 | D        | Reached skill level 5 in Fighting
    80 | D        | Reached skill level 5 in Axes
    80 | D        | Noticed an ogre
    88 | D        | Killed a scorpion
    89 | D        | Reached skill level 6 in Axes
    89 | D        | Reached skill level 5 in Dodging
    89 | D        | Reached XP level 3. HP: 38/38 MP: 2/2
    89 | D        | Reached XP level 4. HP: 45/45 MP: 3/3
    90 | D        | Killed an ogre
    90 | D        | Reached **** piety under Qazlal
    91 | D        | Reached skill level 8 in Axes
    91 | D        | Reached XP level 5. HP: 53/53 MP: 4/4
   156 | D        | Noticed a floating eye
   157 | D        | Noticed a flying skull
   166 | D        | Reached skill level 9 in Axes
   168 | D        | Paralysed by a floating eye for 4 turns
   176 | D        | Killed a flying skull
   176 | D        | Reached ***** piety under Qazlal
   176 | D        | Killed a floating eye
   177 | D        | Reached skill level 10 in Fighting
   177 | D        | Reached skill level 10 in Axes
   177 | D        | Reached skill level 1 in Armour
   177 | D        | Reached XP level 6. HP: 14/66 MP: 5/5
   438 | D        | Noticed a kobold demonologist
   451 | D        | Noticed a soul eater
   453 | D        | Noticed a sixfirhy
   454 | D        | Killed a kobold demonologist
   455 | D        | Reached skill level 11 in Axes
   455 | D        | Reached skill level 10 in Dodging
   455 | D        | Reached skill level 1 in Shields
   455 | D        | Reached XP level 7. HP: 49/73 MP: 5/8
   636 | D        | Noticed a two-headed ogre
   649 | D        | Killed a two-headed ogre
   650 | D        | Reached skill level 12 in Axes
   650 | D        | Reached skill level 5 in Invocations
   650 | D        | Reached XP level 8. HP: 32/83 MP: 8/10
   659 | D        | Killed a shadow wraith
   659 | D        | Reached ****** piety under Qazlal
   660 | D        | Reached skill level 13 in Axes
   660 | D        | Reached XP level 9. HP: 30/91 MP: 8/12
   906 | D        | Noticed a deep elf pyromancer
   909 | D        | Killed a deep elf pyromancer
   910 | D        | Reached skill level 14 in Axes
   920 | D        | Noticed a demonic crawler
   920 | D        | Noticed a red devil
   937 | D        | Killed a demonic crawler
   944 | D        | Killed a red devil
  1161 | D        | Noticed an orc knight
  1164 | D        | Noticed a troll
  1166 | D        | Noticed a deep elf pyromancer
  1171 | D        | Killed a deep elf pyromancer
  1171 | D        | Noticed a hellwing
  1172 | D        | Reached skill level 15 in Axes
  1172 | D        | Reached skill level 5 in Shields
  1172 | D        | Reached XP level 10. HP: 53/101 MP: 7/15
  1176 | D        | Killed an orc knight
  1177 | D        | Reached skill level 10 in Armour
  1190 | D        | Reached skill level 16 in Axes
  1192 | D        | Noticed a great orb of eyes
  1202 | D        | Paralysed by a great orb of eyes for 4 turns
  1210 | D        | Killed a great orb of eyes
  1211 | D        | Reached skill level 10 in Invocations
  1539 | D        | Noticed a deep elf zephyrmancer
  1539 | D        | Noticed a merfolk avatar
  1539 | D        | Noticed a lindwurm
  1539 | D        | Noticed Psyche
  1539 | D        | Noticed a deep elf pyromancer
  1546 | D        | Killed a lindwurm
  1547 | D        | Reached XP level 11. HP: 105/110 MP: 17/17
  1553 | D        | Killed Psyche
  1554 | D        | Reached skill level 17 in Axes
  1554 | D        | Killed a merfolk avatar
  1554 | D        | Killed a deep elf pyromancer
  1556 | D        | Killed a deep elf zephyrmancer
  1735 | D        | Noticed a rakshasa
  1745 | D        | Killed a rakshasa
  1753 | D        | Reached skill level 18 in Axes
  1784 | D        | Noticed a sun demon
  1796 | D        | Killed a sun demon
  1797 | D        | Reached skill level 15 in Fighting
  2173 | D        | Noticed a catoblepas
  2191 | D        | Killed a catoblepas
  2522 | D        | Noticed a death cob
  2534 | D        | Killed a death cob
  2535 | D        | Reached skill level 19 in Axes
  2535 | D        | Reached skill level 10 in Shields
  2535 | D        | Reached XP level 12. HP: 18/122 MP: 18/20
  3289 | D        | Noticed an orc warlord
  3290 | D        | Found the brooch of Shielding {Spirit SH+8}
  3290 | D        | Noticed an angel
  3291 | D        | Killed an orc warlord
  3291 | D        | Killed an angel
  3314 | D        | Got the amulet of Kouz {RegenMP rElec}
  3316 | D        | Got the Incunabulum of the Unemployed Unperson
  3638 | D        | Noticed a minotaur
  3638 | D        | Noticed an alligator snapping turtle
  3638 | D        | Noticed Erica
  3640 | D        | Noticed a rakshasa
  3644 | D        | Noticed an orc warlord
  3646 | D        | Killed Erica
  3646 | D        | Killed a rakshasa
  3651 | D        | Noticed an eidolon
  3652 | D        | Killed an eidolon
  3653 | D        | Killed a minotaur
  3653 | D        | Killed an orc warlord
  3654 | D        | Reached skill level 15 in Invocations
  3654 | D        | Reached XP level 13. HP: 45/134 MP: 3/23
  4018 | D        | Got the +0 pair of boots of Cocytus {rPois}
  4127 | D        | Noticed Laxyowos the pandemonium lord
  4162 | D        | HP: 1/134 [Laxyowos the pandemonium lord (28)]
  4162 | D        | Slain by Laxyowos the pandemonium lord

Illustrated notes

Levels and vault maps discovered:
D:        pitsprint [storerooms_1, entrance_room_1, metal_vault_4, armoury_2,
          mini_pit_1, grid_room_1, main_hall_1, silver_pit, the_coven_1,
          the_vestibule_1, steel_vault_4, golden_pit, hallway_of_sentries,
          crystal_vault_1, iron_vault_1, final_vault]

Skill      XL: |  1  2  3  4  5  6  7  8  9 10 11 12 |
---------------+-------------------------------------+-----
Fighting       | 4 6 7 10 11 12 13 14 15 18 | 18.2
Axes           | 4 6 8 10 11 12 13 15 16 19 | 19.9
Dodging        | 4 5 7 9 10 11 12 13 14 | 14.5
Stealth        | 2 3 |  3.5
Armour         | 1 3 4 6 9 11 12 14 | 14.1
Shields        | 1 2 3 5 7 10 12 | 12.8
Invocations    | 3 5 6 8 10 12 15 | 15.8

Action                   |  1- 3 |  4- 6 |  7- 9 | 10-12 | 13-15 || total
-------------------------+-------+-------+-------+-------+-------++-------
Melee: Hand axe          |    11 |    33 |    29 |       |       ||    73
       Headbutt          |     2 |    11 |    21 |    36 |     8 ||    78
       Broad axe         |       |       |    34 |   138 |    31 ||   203
Invok: Disaster Area     |       |       |     1 |     8 |     3 ||    12
       Elemental Force   |       |       |       |       |     1 ||     1
Evoke: Condenser vane    |       |       |       |       |     1 ||     1
  Use: Potion            |     3 |       |     1 |     8 |     9 ||    21
       Scroll            |       |       |       |       |     1 ||     1
 Stab: Petrified         |       |       |       |     3 |       ||     3
Armor: Robe              |     1 |       |       |       |       ||     1
       Chain mail        |       |    20 |     3 |       |       ||    23
       Scale mail        |       |       |    11 |    71 |     2 ||    84
       Plate armour      |       |       |       |       |    10 ||    10
Dodge: Dodged            |    10 |     5 |    35 |   112 |    11 ||   173
Block: Other             |     2 |     3 |    22 |    81 |    17 ||   125

Table legend: (Time is in decaauts)
 A = Elapsed time spent in this place.
 B = Non-inter-level travel time spent in this place.
 C = Inter-level travel time spent in this place.
 D = Time resting spent in this place.
 E = Time spent auto-exploring this place.
 F = Levels seen in this place.
 G = Mean time per level.
                   A        B        C        D        E       F      G
               +--------+--------+--------+--------+--------+-----+--------+
         Total |   4126 |   4126 |      0 |   2865 |     30 |   1 | 4126.0 |
       Dungeon |   4126 |   4126 |      0 |   2865 |     30 |   1 | 4126.0 |
               +--------+--------+--------+--------+--------+-----+--------+

Top non-repeatable levels by time:
       D: 4126 daAuts
